 Dungeon Crawl Stone Soup version 0.21-a0-509-gecc5317 (webtiles) character file.

176 Gwenloh the Poker (level 5, 0/41 HPs)
             Began as a Merfolk Gladiator on Nov 30, 2017.
             Slain by a gnoll
             ... wielding a +0 halberd
              (5 damage)
             ... on level 2 of the Dungeon.
             The game lasted 00:05:32 (2247 turns).

Gwenloh the Poker (Merfolk Gladiator)               Turns: 2247, Time: 00:05:32

Health: 0/41       AC:  4    Str: 15    XL:     5   Next: 56%
Magic:  5/5        EV: 15    Int:  8    God:
Gold:   110        SH:  0    Dex: 15    Spells: 4/4 levels left

rFire    . . .     SeeInvis .   a - +0 trident
rCold    . . .     Gourm    .   (no shield)
rNeg     . . .     Faith    .   b - +0 leather armour
rPois    .         Spirit   .   c - +0 helmet
rElec    .         Reflect  .   (no cloak)
rCorr    .         Harm     .   (no gloves)
MR       .....                  (no boots)
Stlth    +.........             (no amulet)
HPRegen  0.13/turn              (no ring)
MPRegen  0.09/turn              (no ring)

@: no status effects
A: change form in water, swift swim, stealthy swim
a: no special abilities


You were on level 2 of the Dungeon.
You were not hungry.

You visited 1 branch of the dungeon, and saw 2 of its levels.

You collected 110 gold pieces.

Inventory:

Hand Weapons
 a - a +0 trident (weapon)
Missiles
 d - 2 throwing nets (quivered)
 m - 18 sling bullets
 n - 22 arrows
 p - 58 stones
Armour
 b - a +0 leather armour (worn)
 c - a +0 helmet (worn)
 e - a +1 pair of gloves
Jewellery
 k - a +2 ring of protection {unknown}
Scrolls
 h - a scroll of teleportation {unknown}
 i - 3 scrolls of identify {unknown}
 j - a scroll of magic mapping {unknown}
 o - a scroll of blinking {unknown}
 r - a scroll of fear {unknown}
 u - a scroll of immolation {unknown}
 v - 3 scrolls of fog {unknown}
 w - 3 scrolls of noise {unknown}
Potions
 l - a potion of magic {unknown}
 q - a potion of curing {unknown}
 t - a potion of cancellation {unknown}
Comestibles
 f - 2 bread rations
 g - a meat ration
 s - 9 chunks of flesh


   Skills:
 + Level 3.5 Fighting
 + Level 5.8 Polearms
 + Level 3.1 Throwing
 + Level 5.2 Dodging


You had 4 spell levels left.
You didn't know any spells.

Dungeon Overview and Level Annotations

Branches:
Dungeon (2/15)

Altars:
Zin


Message History

You kill the gnoll!
You are too injured to fight recklessly!
You are too injured to fight recklessly!
Attack whom?
Press: ? - help, Dir - move target cursor, f - gnoll
Aim: a gnoll, wielding a halberd You reach to attack!
You closely miss the gnoll. The gnoll misses you.
Attack whom?
Press: ? - help, Dir - move target cursor, f/p - gnoll
Aim: a gnoll, wielding a halberd You reach to attack!
You hit the gnoll but do no damage.
The gnoll hits you from afar with a halberd!
* * * LOW HITPOINT WARNING * * *
Attack whom?
Press: ? - help, Dir - move target cursor, f/p - gnoll
Aim: a gnoll, wielding a halberd You reach to attack!
You hit the gnoll.
The gnoll is moderately wounded.
The gnoll hits you from afar with a halberd.
You die...

#.##.##.#######.......#
#.#
#.##..........#..####.#
#.#
#.#####.#####.#...###.#
#.# #.#####.#
#......##.#####.#
#.......#
#.#............<#
#########
#.#...###.#######
#.....###.# ###.......#
##@###### #.#
########g# #........#
#.######.########
.#####.........#
.........#####.#
...8...8.##.....
.#...#..%...#


You could see a gnoll.

Vanquished Creatures
  Natasha (thrice) (D:2)
  2 gnolls (D:2)
  2 adders (D:2)
  A worm (D:2)
  2 dart slugs (D:1)
  2 leopard geckos
  8 bats
  5 giant cockroaches
  7 goblins
  7 hobgoblins
  6 jackals (D:2)
  2 quokkas (D:2)
  A frilled lizard (D:1)
  A kobold (D:1)
  5 rats
54 creatures vanquished.

Notes
Turn   | Place    | Note
-------+----------+-------------------------------------------
     0 | D:1      | Gwenloh the Merfolk Gladiator began the quest for the Orb.
     0 | D:1      | Reached XP level 1. HP: 16/16 MP: 1/1
   121 | D:1      | Reached XP level 2. HP: 22/23 MP: 2/2
   621 | D:1      | Reached XP level 3. HP: 28/28 MP: 3/3
  1150 | D:2      | Reached skill level 5 in Polearms
  1273 | D:2      | Noticed Natasha
  1286 | D:2      | Killed Natasha
  1286 | D:2      | Reached XP level 4. HP: 25/35 MP: 4/4
  1487 | D:2      | Noticed Natasha
  1491 | D:2      | Killed Natasha
  1505 | D:2      | Reached skill level 5 in Dodging
  1513 | D:2      | Found a glowing silver altar of Zin.
  1513 | D:2      | Noticed an angel
  1650 | D:2      | Reached XP level 5. HP: 29/41 MP: 5/5
  1862 | D:2      | Noticed Natasha
  1871 | D:2      | Killed Natasha
  2247 | D:2      | Slain by a gnoll

Vault maps used:
D:1:      elethiomel_arrival_infinity_welcomes_careful_drivers
D:2:      zin_angel, minmay_misc_feat_four_crosses, uniq_robin, uniq_natasha

Skill      XL: |  1  2  3  4  5 |
---------------+----------------+-----
Polearms       | 5 |  5.8
Fighting       | 3 |  3.5
Dodging        | 5 |  5.2
Throwing       | 3 |  3.1

Action                   |  1- 3 |  4- 6 || total
-------------------------+-------+-------++-------
Melee: Trident           |    80 |    90 ||   170
Throw: Throwing net      |     1 |       ||     1
 Stab: Sleeping          |     4 |     1 ||     5
       Held in net/web   |     1 |       ||     1
  Eat: Chunk             |       |     4 ||     4
Armor: Leather armour    |    11 |    14 ||    25
Dodge: Dodged            |    27 |    57 ||    84

Table legend:
 A = Spawn XP
 B = Non-spawn XP
 C = Spawn XP percentage of total XP
 D = Spawn monster count
 E = Non-spawn monster count
 F = Spawn count percentage of total count
 G = Total turns spent on level
                    A         B        C        D         E        F      G
               +---------+---------+-------+---------+---------+-------+---------
         Total |       0 |     252 |   0.0 |       0 |      54 |   0.0 |  2247
               +---------+---------+-------+---------+---------+-------+---------
           D:1 |       0 |      43 |   0.0 |       0 |      22 |   0.0 |  1119
           D:2 |       0 |     209 |   0.0 |       0 |      32 |   0.0 |  1128
               +---------+---------+-------+---------+---------+-------+---------
